 Dungeon Crawl Stone Soup version 0.16-a0-465-g631e55c (webtiles) character file.

165 PolkaDot the Twirler (level 5, -1/40 HPs)
             Began as a Vampire Gladiator on Sept 16, 2014.
             Killed by nerve-wracking pain
             ... invoked by an orc priest
              (2 damage)
             ... on Level 3 of the Dungeon.
             The game lasted 00:06:19 (2881 turns).

PolkaDot the Twirler (Vampire Gladiator)            Turns: 2881, Time: 00:06:19

HP  -1/40        AC  5     Str 14      XL: 5   Next: 21%
MP   5/5         EV 13     Int 10      God:
Gold 206         SH  0     Dex 15      Spells:  0 memorised,  4 levels left

rFire  . . .     SeeInvis +     a - +0 quarterstaff
rCold  . . .     Clarity  .     b - +0 leather armour
rNeg   . . .     rCorr    +     (no shield)
rPois  .         rRot     .     c - +0 helmet
rElec  .         Spirit   .     (no cloak)
SustAb .         Warding  .     n - +0 pair of gloves
rMut   .         Stasis   .     (no boots)
Gourm  .                        e - amulet of resist corrosion
MR     .....                    (no ring)
                                (no ring)

@: regenerating very quickly, not resistant to hostile enchantments, very
unstealthy
A: fangs 3, see invisible, unbreathing
a: no special abilities


You were on level 3 of the Dungeon.
You were almost alive.

You visited 1 branch of the dungeon, and saw 4 of its levels.

You collected 206 gold pieces.

Inventory:

Hand weapons
 a - a +0 quarterstaff (weapon)
Missiles
 d - 3 throwing nets (quivered)
Armour
 b - a +0 leather armour (worn)
 c - a +0 helmet (worn)
 n - a +0 pair of gloves (worn)
Magical devices
 p - a wand of polymorph (13) {unknown}
Scrolls
 i - 7 scrolls of fog {unknown}
 j - a scroll of recharging {unknown}
 k - a scroll of remove curse
 l - a scroll of enchant armour {unknown}
 o - a scroll of identify {unknown}
 q - a scroll of amnesia {unknown}
 s - a scroll of immolation {unknown}
Jewellery
 e - an amulet of resist corrosion (around neck)
Potions
 f - a potion of restore abilities {unknown}
 g - a potion of might {unknown}
 h - a potion of agility {unknown}
 m - a potion of curing {unknown}
 r - a potion of brilliance {unknown}
Books
 t - a book of Fire

   Spells                             Type                      Level
   Ignite Poison                      Fire/Transmutation           5
   Fireball                           Conjuration/Fire             5
   Bolt of Fire                       Conjuration/Fire             6
   Delayed Fireball                   Conjuration/Fire             7
   Ring of Flames                     Charms/Fire                  7


   Skills:
 + Level 2.9 Fighting
 * Level 4.1 Staves
 - Level 1.5 Throwing
 - Level 3.7 Dodging


You had 4 spell levels left.
You didn't know any spells.

Dungeon Overview and Level Annotations

Branches:
Dungeon (4/15)
 Temple: D:4-7

Altars:
Fedhas
Okawaru


Innate Abilities, Weirdness & Mutations

Your natural rate of healing is extremely fast.
You have razor-sharp teeth.
You have supernaturally acute eyesight.
You can survive without breathing.


Message History

The orc priest is lightly wounded.
The orc priest hits you with a whip.
* * * LOW HITPOINT WARNING * * *
You closely miss the orc priest. You bite the orc priest.
The orc priest is moderately wounded.
The orc priest hits you with a whip.
* * * LOW HITPOINT WARNING * * *
You barely miss the orc priest.
The orc priest is moderately wounded.
The orc priest hits you but does no damage.
You hit the orc priest.
The orc priest is moderately wounded.
The orc priest invokes the aid of Beogh against you.
Pain shoots through your body!
* * * LOW HITPOINT WARNING * * *
You sock the orc priest!
The orc priest is almost dead.
The orc priest invokes the aid of Beogh against you.
Pain shoots through your body!
You die...

#
#..........'.........
#
##.........#########.
#
#.........###.......
#
##[(..(..)..........
# #..#########.......
# #..# #....... #
#..# #....... # #>o#
#....... # ##@#
#######. # #.# #. #
#.# ####+ # #.# #....
# #.# #.... # #.#
#.... # ###.#####
#.... # #.......#
#####.... # #.......#
#........


You could see an orc priest.

Vanquished Creatures
  2 orc wizards
  4 adders
  A worm (D:2)
  2 giant geckos (D:3)
  4 orcs
  3 ball pythons
  8 bats
  6 giant cockroaches
  8 goblins
  5 hobgoblins
  2 quokkas
  4 giant newts
  5 jackals
  8 kobolds
  3 rats
65 creatures vanquished.

Notes
Turn   | Place    | Note
--------------------------------------------------------------
     0 | D:1      | PolkaDot, the Vampire Gladiator, began the quest for the Orb.
     0 | D:1      | Reached XP level 1. HP: 16/16 MP: 1/1
   265 | D:1      | Reached XP level 2. HP: 20/22 MP: 2/2
  1301 | D:2      | Reached XP level 3. HP: 23/27 MP: 3/3
  1333 | D:2      | Found an iron altar of Okawaru.
  1979 | D:3      | Found a blossoming altar of Fedhas.
  2271 | D:3      | Reached XP level 4. HP: 34/34 MP: 4/4
  2678 | D:3      | Reached skill level 4 in Staves
  2845 | D:4      | Reached XP level 5. HP: 34/40 MP: 5/5
  2880 | D:3      | HP: 1/40 [orc priest/nerve-wracking pain (7)]
  2881 | D:3      | Killed from afar by an orc priest

Action                   |  1- 3 |  4- 6 || total
-------------------------+-------+-------++-------
Melee: Quarterstaff      |   112 |    88 ||   200
  Use: Potion            |     1 |       ||     1
       Scroll            |       |     1 ||     1
 Stab: Sleeping          |     1 |       ||     1
  Eat: Corpse            |    18 |     5 ||    23
